 Dungeon Crawl Stone Soup version 0.19-a0-1292-g796ee4d (webtiles) character file.

4 jacquesderrida the Skirmisher (level 1, -1/12 HPs)
             Began as a Vine Stalker Wanderer on Aug 30, 2016.
             Slain by a gnoll
             ... wielding a +0 whip
              (4 damage)
             ... on level 1 of the Dungeon.
             The game lasted 00:00:49 (215 turns).

jacquesderrida the Skirmisher (VSWn)                 Turns: 215, Time: 00:00:50

Health: -1/12      AC:  8    Str: 13    XL:     1   Next: 70%
Magic:  0/2        EV:  8    Int: 12    God:
Gold:   41         SH:  0    Dex: 14    Spells: 0 memorised, 0 levels left

rFire  . . .     SeeInvis .     g - +0 mace
rCold  . . .     Gourm    .     a - +2 scale mail
rNeg   . . .     Faith    .     (no shield)
rPois  .         Spirit   +     (no helmet)
rElec  .         Dismiss  .     (no cloak)
rCorr  .         Reflect  .     (no gloves)
MR     .....     Harm     .     (no boots)
Stlth  ..........               (no amulet)
                                (no ring)
                                (no ring)

@: no status effects
A: fangs 2, magic shield, antimagic bite, no device heal 3, rot immunity
a: no special abilities


You were on level 1 of the Dungeon.
You were not hungry.

You visited 1 branch of the dungeon, and saw 2 of its levels.

You collected 41 gold pieces.

Inventory:

Hand Weapons
 b - a +0 hand axe
 c - a +0 shortbow
 g - a +0 mace (weapon)
Missiles
 d - 24 arrows
Armour
 a - a +2 scale mail (worn)
Jewellery
 h - an uncursed ring of fire
Scrolls
 i - a scroll of teleportation {unknown}
Potions
 e - a potion of cure mutation
Comestibles
 f - a bread ration


   Skills:
 - Level 3.0 Fighting
 + Level 1.0 Maces & Flails
 - Level 1.7 Bows
 - Level 1.0 Throwing
 - Level 1.5 Armour
   Level 1.0 Shields


You couldn't memorise any spells.
You didn't know any spells.

Dungeon Overview and Level Annotations

Branches:
Dungeon (2/15)

Altars:


Innate Abilities, Weirdness & Mutations

You have extremely sharp teeth.
When hurt, damage is shared between your health and your magic reserves.
Your bite disrupts and absorbs the magic of your enemies.
Potions and wands cannot restore your health.
You are immune to rotting.


Message History

You closely miss the gnoll.
The gnoll is heavily wounded.
The gnoll hits you with a whip. x2
You barely miss the gnoll.
The gnoll is heavily wounded.
The gnoll completely misses you.
You hit the gnoll.
The gnoll is heavily wounded.
The gnoll closely misses you. The gnoll barely misses you.
You barely miss the gnoll. Your bite misses the gnoll.
The gnoll is heavily wounded.
The gnoll hits you but does no damage.
You closely miss the gnoll.
The gnoll is heavily wounded.
The gnoll hits you with a whip.
* * * LOW HITPOINT WARNING * * *
You completely miss the gnoll.
The gnoll is heavily wounded.
The gnoll hits you with a whip.
You die...

#.# #.#..#♣.......♣♣########
#.###..#......<............#
.......###♣.......♣♣######.#
#.####.# #≈.♣...P..≈# ####.#####
#.#####..#≈♣♣♣.PPP.≈# #........#
#......# #≈ ...P..≈# #......#.#
#.####.# #≈ ♣.♣≈≈≈≈# #......#.#
#.####.# #####.###### #......#.#
#....#.# ##....@## #......#.#
#.##.#.# ##......g## #......#.#
#.#....###.........####........#
.........+.........'........####
###.).####.........####......#
##.## ##.......## ##.#...# #.#
##.....## ###...# ###.###
##...## ##.## #.....# ##+# #.#


You could see a gnoll.

Vanquished Creatures
  2 goblins (D:1)
  2 kobolds (D:1)
  A rat (D:1)
5 creatures vanquished.

Vanquished Creatures (others)
  5 toadstools (D:1)
5 creatures vanquished.

Grand Total: 10 creatures vanquished

Notes
Turn   | Place    | Note
-------+----------+-------------------------------------------
     0 | D:1      | jacquesderrida the Vine Stalker Wanderer began the quest for the Orb.
     0 | D:1      | jacquesderrida set off with: a +2 scale mail, a +0 hand axe, a +0 shortbow, 24 arrows, a bread ration
     0 | D:1      | Reached XP level 1. HP: 11/11 MP: 2/2
    47 | D:1      | Reached skill level 3 in Fighting
   215 | D:1      | Slain by a gnoll

Vault maps used:
D:1:      ldierk_walled_garden, minmay_tromino_i4
D:2:      minitemple, fedhas_altar_4

Skill      XL: |  1 |
---------------+----+-----
Fighting       | 3 |  3.0
Maces & Flails | |  1.0
Bows           | |  1.7
Throwing       | |  1.0
Armour         | |  1.5
Shields        | |  1.0

Action                   || total
-------------------------++-------
Melee: Hand axe          ||     9
       Mace              ||     7
       Bite              ||     2
  Use: Potion            ||     1
Armor: Scale mail        ||     5
Dodge: Dodged            ||     5
